 Dungeon Crawl Stone Soup version 0.31-a0-232-gb1c03b2570 (webtiles) character file.

Game seed: 7091914216314219887

37 qw the Shooter (level 3, -7/29 HPs)
             Began as a Minotaur Hexslinger on July 7, 2023.
             Mangled by Sigmund
             ... wielding a +1 vampiric scythe
              (8 damage)
             ... on level 2 of the Dungeon.
             The game lasted 00:00:24 (1134 turns).

qw the Shooter (Minotaur Hexslinger)                Turns: 1134, Time: 00:00:24

Health: -7/29      AC:  2    Str: 12    XL:     3   Next: 23%
Magic:  3/3        EV: 12    Int: 10    God:
Gold:   67         SH:  5    Dex: 14    Spells: 3/4 levels left

rFire   . . .        Y - +1 sling
rCold   + + .        (no shield)
rNeg    . . .        c - +0 robe
rPois   .            (helmet restricted)
rElec   .            (no cloak)
rCorr   .            (no gloves)
SInv    .            (no boots)
Will    .....        h - amulet of reflection
Stlth   +            g - ring of protection from cold
HPRegen 0.24/turn    (no ring)
MPRegen 0.08/turn

%: reflection
@: no status effects
A: horns 2, retaliatory headbutt, cold resistance 1, sturdy frame 1
a: no special abilities


You were on level 2 of the Dungeon.
You visited 1 branch of the dungeon, and saw 2 of its levels.

You collected 67 gold pieces.


Innate Abilities, Weirdness & Mutations

You have a pair of horns on your head.
You reflexively headbutt those who attack you in melee.
Your flesh is cold resistant. (rC+)
Your movements are slightly less encumbered by armour. (ER -2)


   Skills:
 - Level 2.0 Fighting
 + Level 3.8 Ranged Weapons
 - Level 2.1 Dodging
 - Level 1.0 Spellcasting
 - Level 2.0 Hexes


You had 3 spell levels left.
You knew the following spells:

 Your Spells              Type           Power      Damage    Failure   Level
a - Slow                  Hex            16%        N/A       16%         1

Your spell library contained the following spells:

 Spells                   Type           Power      Damage    Failure   Level
 Inner Flame              Hex/Fire       2%         N/A       56%         3
 Portal Projectile        Hex/Tloc       4%         N/A       56%         3
 Cause Fear               Hex            2%         N/A       83%         4

Inventory:

Hand Weapons
 Y - a +1 sling (weapon)
Armour
 c - a +0 robe (worn)
Jewellery
 g - a ring of protection from cold (left hand)
 h - an amulet of reflection (around neck)
Potions
 a - a potion of magic {unknown}
 e - a potion of mutation
 f - a potion of curing
 i - a potion of lignification {unknown}

Dungeon Overview and Level Annotations

Branches:
Dungeon (2/15)

Altars:

Annotations:
D:2 Sigmund


Message History

You shoot a sling bullet. The sling bullet hits Sigmund.
Sigmund is lightly wounded.
A hobgoblin comes into view.
Sigmund misses you.
You shoot a sling bullet. The sling bullet barely misses Sigmund.
The hobgoblin shouts!
You shoot a sling bullet. The sling bullet hits the hobgoblin.
You kill the hobgoblin!
Sigmund mumbles some strange words.
Sigmund flickers and vanishes!
Deactivating autopickup; reactivate with Ctrl-A.
You hear some strange, mumbled words.
You are confused.
You shoot a sling bullet. Something hits you.
You shoot a sling bullet. Something hits you.
You shoot a sling bullet. You shoot a sling bullet. Something hits you.
You shoot a sling bullet.
You feel less confused.
You hear some strange, mumbled words.
Something tries to affect you, but you resist.
You shoot a sling bullet. Something hits you!
You shoot a sling bullet. Something hits you.
You shoot a sling bullet. Something hits you.
You shoot a sling bullet. Something completely misses you.
You shoot a sling bullet. You shoot a sling bullet.
Something barely misses you.
You shoot a sling bullet. Something hits you.
You shoot a sling bullet. Something hits you!
You die...

###+### #.## #.....#
#..# #..)..# #..#
+.$.$.+ #..# ..)..
###..# {.. ##.#..#
###%### ##..#..#
##..@..###...'..#
##.....###....#..#
##.....###.....#..#
##.....###.....##..# #
#.....###.....###..#
#..####'#######'#####..#
#......................#
######....#.......###..#
##.......#.### #.##


There were no monsters in sight!

Vanquished Creatures
  A dart slug (D:2)
  6 ball pythons
  6 bats (D:1)
  2 endoplasms (D:1)
  5 hobgoblins
  3 frilled lizards (D:1)
  5 goblins (D:1)
  3 kobolds (D:1)
  3 rats (D:1)
34 creatures vanquished.

Notes
Turn   | Place    | Note
-------+----------+-------------------------------------------
     0 | D:1      | qw the Minotaur Hexslinger began the quest for the Orb.
     0 | D:1      | Reached XP level 1. HP: 16/16 MP: 1/1
     0 | D:1      | 0 ||| qw: Version: 0.3-a-46-gb1f654a
     0 | D:1      | 0 ||| qw: Game counter: 2399
     0 | D:1      | 0 ||| qw: Melee chars always use a shield: true
     0 | D:1      | 0 ||| qw: God list: Okawaru
     0 | D:1      | 0 ||| qw: Allow faded altars: false
     0 | D:1      | 0 ||| qw: Do Orc after clearing Dungeon:15 true
     0 | D:1      | 0 ||| qw: Do second Lair branch before Depths: true
     0 | D:1      | 0 ||| qw: Lair rune preference: random
     0 | D:1      | 0 ||| qw: Goals: Normal
     0 | D:1      | 0 ||| PLANNING D:1-11
   183 | D:1      | Reached skill level 3 in Ranged Weapons
   183 | D:1      | Reached XP level 2. HP: 23/23 MP: 2/2
   417 | D:1      | 417 ||| Stepping ~*~*~tactically~*~*~ (water).
   651 | D:1      | Reached XP level 3. HP: 29/29 MP: 3/3
   973 | D:1      | 973 ||| UPGRADING to amulet of reflection.
   978 | D:1      | 978 ||| UPGRADING to ring of protection from cold.
   979 | D:1      | 979 ||| READING scroll labelled DIKKUO FOYTE.
   980 | D:1      | 980 ||| DRINKING 2 ruby potions.
   980 | D:1      | Gained mutation: Your flesh is cold resistant. (rC+)
                  | [potion of mutation]
   980 | D:1      | Gained mutation: Your movements are slightly less
                  | encumbered by armour. (ER -2) [potion of mutation]
   981 | D:1      | 981 ||| DRINKING 2 fizzy emerald potions.
   982 | D:1      | 982 ||| DROPPING scroll of poison.
  1118 | D:2      | Noticed Sigmund
  1129 | D:2      | HP: 4/29 [something (6)]
  1133 | D:2      | HP: 1/29 [something (5)]
  1134 | D:2      | Mangled by Sigmund

Levels and vault maps discovered:
D:1:      minmay_arrival_four_loops, layout_loops_corners, serial_bayou_lake_a
D:2:      layout_loops_ring, minmay_quadrilaterals, uniq_sigmund

Skill      XL: |  1  2 |
---------------+-------+-----
Ranged Weapons | 3 |  3.8
Fighting       | 2 |  2.0
Dodging        | |  2.1
Spellcasting   | |  1.0
Hexes          | |  2.0

Action                     || total
---------------------------++-------
   Fire: Sling             ||    91
    Use: Potion            ||     2
         Scroll            ||     1
 Armour: Robe              ||     6
  Dodge: Dodged            ||    21

Table legend:
 A = Non-vault XP
 B = Vault XP
 C = Vault XP percentage of total XP
 D = Non-vault monster count
 E = Vault monster count
 F = Vault count percentage of total count
                 A         B        C        D         E       F
            +---------+---------+-------+---------+---------+-------
      Total |      52 |       2 |   3.7 |      33 |       1 |   2.9
            +---------+---------+-------+---------+---------+-------
        D:1 |      47 |       0 |   0.0 |      31 |       0 |   0.0
        D:2 |       5 |       2 |  28.6 |       2 |       1 |  33.3
            +---------+---------+-------+---------+---------+-------
